 Dungeon Crawl Stone Soup version 0.29.1-13-g9f3cf754e1 (webtiles) character file.

Game seed: 10873972316613094804

46 zlionsfan the Shield-Bearer (level 3, -1/35 HPs)
             Began as a Gnoll Fighter on Jan 29, 2023.
             Succumbed to an orc wizard's poison
             ... on level 2 of the Dungeon.
             The game lasted 00:04:05 (1312 turns).

zlionsfan the Shield-Bearer (Gnoll Fighter)         Turns: 1312, Time: 00:04:05

Health: -1/35      AC:  9    Str: 17    XL:     3   Next: 68%
Magic:  4/4        EV:  9    Int:  7    God:
Gold:   51         SH: 10    Dex: 11    Spells: 4/4 levels left

rFire   . . .      SeeInvis +   a - +0 war axe
rCold   . . .      Faith    .   c - +0 buckler
rNeg    . . .      Spirit   .   b - +0 scale mail
rPois   .          Reflect  +   (no helmet)
rElec   .          Harm     .   (no cloak)
rCorr   .          Rampage  .   (no gloves)
Will    .....                   n - +0 pair of boots
Stlth   ..........              g - amulet of reflection
HPRegen 0.11/turn               e - ring of see invisible
MPRegen 0.09/turn               (no ring)

@: mighty, lethally poisoned (-1 -> -13)
A: fangs 1, strong nose, distributed training
a: no special abilities


You were on level 2 of the Dungeon.
You visited 1 branch of the dungeon, and saw 2 of its levels.

You collected 51 gold pieces.

Inventory:

Hand Weapons
 a - a +0 war axe (weapon)
Armour
 b - a +0 scale mail (worn)
 c - a +0 buckler (worn)
 n - a +0 pair of boots (worn)
Jewellery
 e - a ring of see invisible (left hand)
 g - an amulet of reflection (around neck)
 m - an amulet of guardian spirit
Scrolls
 h - a scroll of magic mapping {unknown}
 j - a scroll of teleportation {unknown}
 k - a scroll of amnesia {unknown}
 o - a scroll of immolation {unknown}
 p - a scroll of fog {unknown}
Potions
 i - a potion of flight {unknown}
 l - a potion of lignification {unknown}


   Skills:
 + Level 6.5 Fighting
 + Level 1.0 Short Blades
 + Level 1.0 Long Blades
 + Level 4.6 Axes
 + Level 1.0 Maces & Flails
 + Level 1.0 Polearms
 + Level 1.0 Staves
 + Level 1.0 Ranged Weapons
 + Level 1.0 Throwing
 + Level 6.5 Armour
 + Level 1.0 Dodging
 + Level 1.0 Stealth
 + Level 6.5 Shields
 + Level 1.0 Unarmed Combat
 + Level 1.0 Spellcasting
 + Level 0.7 Conjurations
 + Level 0.7 Hexes
 + Level 0.7 Summonings
 + Level 0.7 Necromancy
 + Level 0.7 Translocations
 + Level 0.7 Transmutations
 + Level 0.7 Fire Magic
 + Level 0.7 Ice Magic
 + Level 0.7 Air Magic
 + Level 0.7 Earth Magic
 + Level 0.7 Poison Magic
 + Level 1.0 Invocations
 + Level 1.0 Evocations


You had 4 spell levels left.
You didn't know any spells.
Your spell library contained the following spells:

 Spells                   Type           Power      Damage    Failure   Level
 Sting                    Tmut/Pois      4%         1d3       77%         1
 Blink                    Tloc           2%         N/A       88%         2
 Poisonous Vapours        Pois/Air       2%         N/A       88%         2
 Ozocubu's Armour         Ice            1%         N/A       98%         3
 Olgreb's Toxic Radiance  Pois           1%         N/A       100%        4
 Manifold Assault         Tloc           1%         N/A       100%        5
 Ozocubu's Refrigeration  Ice            0%         4d7       100%        7
 Storm Form               Tmut/Air       0%         N/A       100%        7


Dungeon Overview and Level Annotations

Branches:
Dungeon (2/15)

Altars:

Shops:
D:1 =


Innate Abilities, Weirdness & Mutations

You have very sharp teeth.
Your uncanny sense of smell can sniff out nearby items.
Your experience applies equally to all skills.


Message History

You are poisoned.
You feel better.
The orc wizard gestures at you while chanting.
You are confused.
The orc wizard attacks as you move away!
The orc wizard hits you but does no damage.
The orc wizard gestures at you while chanting.
The puff of flame misses you.
The orc wizard hits you with a +1 dagger of venom.
You are poisoned.
The orc wizard attacks as you move away!
The orc wizard hits you with a +1 dagger of venom.
You are more poisoned.
You feel very sick.
You feel very mighty all of a sudden.
You feel very sick.
The orc wizard hits you but does no damage.
You bump into the rock wall.
You feel very sick. The orc wizard misses you.
You barely miss the orc wizard. You bite the orc wizard.
The orc wizard is heavily wounded.
You feel very sick.
The orc wizard hits you but does no damage.
You are lethally poisoned!
The orc wizard hits you but does no damage.
You are more poisoned.
The orc wizard attacks as you move away!
The orc wizard barely misses you.
You feel less confused.
* * * LOW HITPOINT WARNING * * *
You feel very sick.
You barely miss the orc wizard.
The orc wizard is heavily wounded.
* * * LOW HITPOINT WARNING * * *
You feel very sick.
The orc wizard gestures at you while chanting.
You resist with significant effort.
You barely miss the orc wizard.
The orc wizard is heavily wounded.
You die...

.........## # ####......# .#
..##......######## ...
..##.............############...#
..##.........###.#.......o.......
.............###+#.####)..##.....
#..................#..<...##.....
#....##............#.##÷.........
#....##.........@o...............
.....##...######.###.#..........o
.....#........#......#...........
........####.........#...........
#.....###..###.........###.....
###..##......##........ .....
###†)†...##............ .....
......(.####........... ∆
........####.†........#


You could see an orc wizard.

Vanquished Creatures
  An adder (D:2)
  A dart slug (D:1)
  2 endoplasms
  3 goblins
  2 hobgoblins
  4 jackals (D:2)
  3 quokkas
  2 ball pythons (D:1)
  4 bats
  3 frilled lizards
  4 kobolds
  4 rats
  A spectral kobold (D:1)
34 creatures vanquished.

Notes
Turn   | Place    | Note
-------+----------+-------------------------------------------
     0 | D:1      | zlionsfan the Gnoll Fighter began the quest for the Orb.
     0 | D:1      | Reached XP level 1. HP: 23/23 MP: 1/1
    26 | D:1      | Found a faded altar of an unknown god.
   281 | D:1      | Reached XP level 2. HP: 29/29 MP: 2/2
   425 | D:1      | Found Seopecuc's Jewellery Shop.
  1053 | D:2      | Reached XP level 3. HP: 31/35 MP: 3/3
  1128 | D:2      | Reached skill level 1 in Invocations
  1164 | D:2      | Reached skill level 1 in Short Blades
  1164 | D:2      | Reached skill level 1 in Long Blades
  1164 | D:2      | Reached skill level 1 in Maces & Flails
  1164 | D:2      | Reached skill level 1 in Polearms
  1164 | D:2      | Reached skill level 1 in Staves
  1164 | D:2      | Reached skill level 1 in Ranged Weapons
  1164 | D:2      | Reached skill level 1 in Throwing
  1164 | D:2      | Reached skill level 1 in Dodging
  1164 | D:2      | Reached skill level 1 in Stealth
  1164 | D:2      | Reached skill level 1 in Unarmed Combat
  1164 | D:2      | Reached skill level 1 in Spellcasting
  1164 | D:2      | Reached skill level 1 in Evocations
  1312 | D:2      | Succumbed to an orc wizard's poison

Illustrated notes

Levels and vault maps discovered:
D:1:      grunt_arrival_lava_bath, layout_basic, serial_shops,
          nicolae_shop_crystal, dreamdust_ecumenical_altar_drowned_temple,
          dreamdust_princess_bridge
D:2:      layout_basic, minmay_misc_feat_iff, lightli_corner_chamber,
          uniq_crazy_yiuf_cottage

Skill      XL: |  1  2  3 |
---------------+----------+-----
Invocations    | 1 |  1.0
Short Blades   | 1 |  1.0
Long Blades    | 1 |  1.0
Maces & Flails | 1 |  1.0
Polearms       | 1 |  1.0
Staves         | 1 |  1.0
Ranged Weapons | 1 |  1.0
Throwing       | 1 |  1.0
Dodging        | 1 |  1.0
Stealth        | 1 |  1.0
Unarmed Combat | 1 |  1.0
Spellcasting   | 1 |  1.0
Evocations     | 1 |  1.0
Fighting       | |  6.5
Axes           | |  4.6
Armour         | |  6.5
Shields        | |  6.5
Conjurations   | |  0.7
Hexes          | |  0.7
Summonings     | |  0.7
Necromancy     | |  0.7
Translocations | |  0.7
Transmutations | |  0.7
Fire Magic     | |  0.7
Ice Magic      | |  0.7
Air Magic      | |  0.7
Earth Magic    | |  0.7
Poison Magic   | |  0.7

Action                   || total
-------------------------++-------
Melee: War axe           ||    92
       Bite              ||     8
  Use: Potion            ||     3
Armor: Scale mail        ||    43
Dodge: Dodged            ||    39
Block: Buckler           ||    43
       Reflection        ||     1
